 Dungeon Crawl Stone Soup version 0.30.1-4-g462c640d31 (webtiles) character file.

Game seed: 7571581607108928712

49 Peloso the Covered (level 3, -7/33 HPs)
             Began as a Minotaur Fighter on Sept 10, 2023.
             Mangled by a gnoll
             ... wielding a +0 halberd
              (11 damage)
             ... on level 2 of the Dungeon.
             The game lasted 00:01:48 (1578 turns).

Peloso the Covered (Minotaur Fighter)               Turns: 1578, Time: 00:01:48

Health: -7/33      AC:  7    Str: 20    XL:     3   Next: 53%
Magic:  2/2        EV:  9    Int:  5    God:
Gold:   70         SH:  4    Dex: 11    Spells: 2/2 levels left

rFire   . . .        a - +0 long sword
rCold   . . .        c - +0 buckler
rNeg    . . .        b - +0 scale mail
rPois   .            (helmet restricted)
rElec   .            (no cloak)
rCorr   .            (no gloves)
SInv    .            (no boots)
Will    .....        (no amulet) Stlth
                     (no ring)
HPRegen 0.25/turn    (no ring)
MPRegen 0.08/turn

%: no passive effects
@: no status effects
A: horns 2, retaliatory headbutt
a: no special abilities


You were on level 2 of the Dungeon.
You visited 1 branch of the dungeon, and saw 2 of its levels.

You collected 70 gold pieces.

Inventory:

Hand Weapons
 a - a +0 long sword (weapon)
Armour
 b - a +0 scale mail (worn)
 c - a +0 buckler (worn)
Scrolls
 h - a scroll of immolation {unknown}
 j - a scroll of butterflies {unknown}
 l - a scroll of identify
Potions
 d - a potion of might
 e - a potion of degeneration {unknown}
 f - a potion of attraction {unknown}
 g - a potion of brilliance
 i - a potion of cancellation
 k - a potion of curing {unknown}


   Skills:
 + Level 4.0 Fighting
 + Level 3.1 Long Blades
 + Level 4.2 Armour
 + Level 0.4 Dodging
 + Level 0.1 Stealth
 + Level 4.1 Shields


You had 2 spell levels left.
You didn't know any spells.
Your spell library was empty.

Dungeon Overview and Level Annotations

Branches:
Dungeon (2/15)

Altars:


Innate Abilities, Weirdness & Mutations

You have a pair of horns on your head.
You reflexively headbutt those who attack you in melee.


Message History

You hit the dart slug.
The dart slug is almost dead.
The dart slug launches a dart at you. The slug dart hits you.
You slash the dart slug!
You kill the dart slug!
k - a lumpy green potion
Found a short sword.
l - a scroll of identify
Found a robe.
You see here a +0 robe.
A gnoll comes into view. It is wielding a +0 halberd.
The gnoll shouts!
A gnoll comes into view. It is wielding a +0 flail.
You see here a scroll labelled ECVYRY JIUT.
There are monsters nearby!
There are monsters nearby!
There are monsters nearby!
The gnoll shouts!
You see here a scroll labelled ECVYRY JIUT.
The gnoll hits you with a +0 halberd.
You slash the gnoll!
The gnoll is almost dead.
The gnoll hits you but does no damage.
You hit the gnoll. Your headbutt misses the gnoll.
The gnoll is lightly wounded.
The gnoll completely misses you.
You closely miss the gnoll.
The gnoll is lightly wounded.
The gnoll barely misses you. The gnoll hits you but does no damage.
You hit the gnoll.
The gnoll is heavily wounded.
The gnoll hits you from afar with a +0 halberd.
You block the gnoll's attack. The gnoll hits you with a +0 flail!
The gnoll hits you from afar with a +0 halberd!
* * * LOW HITPOINT WARNING * * *
You slash the gnoll!
You kill the gnoll!
The gnoll hits you from afar with a +0 halberd!
You die...

##...###### #.##.##.##.###
#.........#####.##.##.##.#
##...####................#
##.## #######.##########
### #.# #[# ##### #.#
...#########.#
..#..g)@..#.####
#.#.#####.#....#########
###.#?#####.#..#.........#
#........##......#######.#
#.#g#.##........## #.#
#.#.#####[...## #.#
..#.......#.## #.#
...#########.# #.# #.###
#.# #.#


You could see a gnoll.

Vanquished Creatures
  A gnoll (D:2)
  A worm (D:2)
  2 dart slugs
  2 bats (D:2)
  4 endoplasms (D:1)
  4 giant cockroaches (D:1)
  3 goblins
  2 hobgoblins (D:1)
  2 jackals (D:1)
  2 kobolds (D:1)
  5 quokkas
  4 ball pythons
  A frilled lizard (D:2)
  3 rats
36 creatures vanquished.

Notes
Turn   | Place    | Note
-------+----------+-------------------------------------------
     0 | D:1      | Peloso the Minotaur Fighter began the quest for the Orb.
     0 | D:1      | Reached XP level 1. HP: 19/19 MP: 0/0
     2 | D:1      | Noticed a draconian
     2 | D:1      | Noticed a meteoran
     4 | D:1      | Noticed an armataur
     4 | D:1      | Noticed an ogre
     6 | D:1      | Noticed a spriggan
     6 | D:1      | Noticed a formicid
     8 | D:1      | Noticed a minotaur
     8 | D:1      | Noticed a troll
    10 | D:1      | Noticed an octopode
    10 | D:1      | Noticed a vampire
    12 | D:1      | Noticed a gargoyle
    12 | D:1      | Noticed a demonspawn
    16 | D:1      | Noticed a naga
    16 | D:1      | Noticed a demigod
    18 | D:1      | Noticed a merfolk
    18 | D:1      | Noticed a felid
    20 | D:1      | Noticed an elf
    20 | D:1      | Noticed a ghoul
    22 | D:1      | Noticed a vine stalker
    24 | D:1      | Noticed a gargoyle
    24 | D:1      | Noticed a tengu
    26 | D:1      | Noticed an octopode
    26 | D:1      | Noticed a troll
   129 | D:1      | Reached XP level 2. HP: 27/27 MP: 1/1
   486 | D:1      | Reached XP level 3. HP: 33/33 MP: 2/2
  1578 | D:2      | Mangled by a gnoll

Illustrated notes

Levels and vault maps discovered:
D:1:      kb_arrival_jail, layout_loops_ring
D:2:      layout_loops_corners, chequers_serial_rivers_small_3

Skill      XL: |  1  2  3 |
---------------+----------+-----
Shields        | 4 |  4.1
Armour         | 4 |  4.2
Fighting       | 4 |  4.0
Long Blades    | 3 |  3.1
Dodging        | |  0.4
Stealth        | |  0.1

Action                     || total
---------------------------++-------
  Melee: Long sword        ||    97
         Headbutt          ||    11
    Use: Scroll            ||     2
         Potion            ||     2
 Armour: Scale mail        ||    48
  Dodge: Dodged            ||    31
  Block: Buckler           ||    23
